 Dungeon Crawl Stone Soup version bcrawl-1.12.2 (webtiles) character file.

Game seed: 1421776403302082540

208 RedPan the Ducker (level 5, -4/32 HPs)
             Began as an Avariel Reaver on July 23, 2019.
             Was a Believer of Vehumet.
             Slain by Crazy Yiuf
             ... wielding a +4 quarterstaff of chaos
              (10 damage)
             ... on level 3 of the Dungeon.
             The game lasted 00:09:36 (5134 turns).

RedPan the Ducker (Avariel Reaver)                  Turns: 5134, Time: 00:09:37

Health: -4/32      AC:  7    Str:  9    XL:     5   Next: 86%
Magic:  0/11       EV: 14    Int: 20    God:    Vehumet [**....]
Gold:   132        SH:  1    Dex: 12    Spells: 9/10 levels left

rFire    . . .     SeeInvis .   g - +2 falchion (flame)
rCold    . . .     Gourm    .   (no shield)
rNeg     . . .     Faith    .   b - +1 steam dragon scales
rPois    .         Spirit   .   j - +0 helmet
rElec    .         Reflect  .   (no cloak)
rCorr    .         Harm     .   (no gloves)
MR       .....                  (no boots)
Stlth    +.........             (no amulet)
HPRegen  0.10/turn              (no ring)
MPRegen  0.12/turn              (no ring)

@: very slightly contaminated, lightly drained
A: no striking features
a: Renounce Religion


You were on level 3 of the Dungeon.
You worshipped Vehumet.
Vehumet was pleased with you.
You were hungry.

You visited 1 branch of the dungeon, and saw 3 of its levels.

You collected 132 gold pieces.

Inventory:

Hand Weapons
 a - a +0 long sword
 g - a +2 falchion of flaming (weapon)
Armour
 b - +1 steam dragon scales (worn)
 j - a +0 helmet (worn)
Scrolls
 d - 2 scrolls of immolation
 e - a scroll of teleportation
 h - 4 scrolls of identify
Potions
 c - 2 potions of curing
Comestibles
 f - 6 rations {!d}


   Skills:
 - Level 3.0(2.6) Fighting
 + Level 5.0(4.6) Long Blades
 - Level 5.0(4.6) Dodging
 - Level 3.0(2.6) Spellcasting
 + Level 1.7(1.3) Ice Magic


You had 9 spell levels left.
You knew the following spells:

 Your Spells              Type           Power        Failure   Level  Hunger
a - Freeze                Ice            #.....       9%          1    None

Your spell library contained the following spells:

 Spells                   Type           Power        Failure   Level  Hunger
 Stone Arrow              Conj/Erth      #.....       41%         3    ###....
 Iskenderun's Battlesphe  Conj/Chrm      #.......     99%         5    ######.


Dungeon Overview and Level Annotations

Branches:
Dungeon (3/12)

Altars:
Xom

Annotations:
D:3 Crazy Yiuf, Grinder, Ijyb


Message History

Crazy Yiuf hits you with a +4 quarterstaff of chaos!
* * * LOW HITPOINT WARNING * * *
You feel drained.
* * * LOW HITPOINT WARNING * * *
Casting: Freeze (safe; 9% risk of failure)
Confirm with . or Enter, or press ? or * to list all spells.
Aiming: Freeze (safe; 9% risk of failure)
Press: ? - help, Shift-Dir - straight line, f/p - Crazy Yiuf
Aim: Crazy Yiuf, wielding a +4 quarterstaff of chaos and wearing a +1 cloak (moderately wounded)
You freeze Crazy Yiuf.
Crazy Yiuf is moderately wounded.
Crazy Yiuf barely misses you.
Casting: Freeze (safe; 9% risk of failure)
Confirm with . or Enter, or press ? or * to list all spells.
You don't have enough magic to cast that spell.
You barely miss Crazy Yiuf.
Crazy Yiuf is moderately wounded.
Crazy Yiuf cries, "Flower testudinal disdain!"
Crazy Yiuf hits you with a +4 quarterstaff of chaos!
You die...

###....).......
############..........####
#...............####..#
####################..###
#......## #.#..#.#. ######
#### #.#..#.#. ##....##
###..)# #.#......
#......####.@g..#
#.#..#...
#.......#..##...#
#.#..#### #.#....#.###
#### ###.#......
#.######## #(.......## #.#
#......#.## #.##########
#############.##
#.##.......###.#...# #.#.
#..............#...# #.##
#.##.......##..#...####
#.##


You could see Crazy Yiuf.

Vanquished Creatures
  Robin (D:2)
  4 gnolls
  3 adders
  2 oozes (D:1)
  2 worms (D:2)
  A dart slug (D:1)
  9 leopard geckos
  2 orcs (D:3)
  4 giant cockroaches
  15 goblins
  10 hobgoblins
  14 jackals
  2 quokkas (D:2)
  A ball python (D:2)
  4 bats
  3 frilled lizards
  14 kobolds
  9 rats
100 creatures vanquished.

Notes
Turn   | Place    | Note
-------+----------+-------------------------------------------
     0 | D:1      | RedPan the Avariel Reaver began the quest for the Orb.
     0 | D:1      | Reached XP level 1. HP: 13/13 MP: 6/6
   231 | D:1      | Reached XP level 2. HP: 15/18 MP: 8/8
   335 | D:1      | Reached XP level 3. HP: 21/22 MP: 9/9
   358 | D:1      | Reached * piety under Vehumet
   358 | D:1      | Offered knowledge of Sandblast by Vehumet.
  1391 | D:2      | Noticed Robin
  1843 | D:2      | Reached XP level 4. HP: 26/27 MP: 10/10
  2521 | D:2      | HP: 1/28 [Robin/+2 falchion of flaming (1)]
  2805 | D:2      | Offered knowledge of Freeze by Vehumet.
  2834 | D:1      | Learned a level 1 spell: Freeze
  3044 | D:2      | Reached ** piety under Vehumet
  3523 | D:2      | Reached XP level 5. HP: 30/32 MP: 11/11
  3747 | D:2      | Reached skill level 1 in Ice Magic
  3940 | D:2      | Found a shimmering altar of Xom.
  4045 | D:2      | Killed Robin
  4395 | D:3      | Offered knowledge of Stone Arrow by Vehumet.
  4447 | D:3      | Reached skill level 5 in Dodging
  4531 | D:3      | Reached skill level 5 in Long Blades
  4706 | D:3      | Noticed Ijyb
  4717 | D:3      | Noticed Grinder
  5122 | D:3      | Found a runed door.
  5126 | D:3      | Noticed Crazy Yiuf
  5134 | D:3      | Slain by Crazy Yiuf

Skill      XL: |  1  2  3  4  5 |
---------------+----------------+-----
Spellcasting   | 3 |  3.0
Long Blades    | 4 5 |  5.0
Dodging        | 4 5 |  5.0
Fighting       | 3 |  3.0
Ice Magic      | 1 |  1.7

Action                   |  1- 3 |  4- 6 || total
-------------------------+-------+-------++-------
Melee: Long sword        |   137 |   160 ||   297
       Falchion          |       |    59 ||    59
 Cast: Freeze            |       |    34 ||    34
  Use: Potion            |     1 |     2 ||     3
       Scroll            |       |     5 ||     5
 Stab: Sleeping          |     3 |       ||     3
  Eat: Chunk             |     3 |    10 ||    13
Armor: Steam dragon scal |    44 |    77 ||   121
Dodge: Dodged            |    90 |   186 ||   276
Block: Other             |     1 |     3 ||     4
